 Dungeon Crawl Stone Soup version 0.28.0-43-g3370ac3207 (webtiles) character file.

Game seed: 9710770580238342470

1934 terff the Cudgeller (level 9, -6/115 HPs)
             Began as a Hill Orc Fighter on Apr 1, 2022.
             Was a Believer of Okawaru.
             Mangled by Harold
             ... wielding a +0 morningstar
              (8 damage)
             ... on level 7 of the Dungeon.
             The game lasted 00:13:47 (8098 turns).

terff the Cudgeller (Hill Orc Fighter)              Turns: 8098, Time: 00:13:48

Health: -6/115     AC: 24    Str: 19    XL:     9   Next: 17%
Magic:  9/9        EV:  2    Int:  8    God:    Okawaru [**....]
Gold:   275        SH:  6    Dex: 14    Spells: 8/8 levels left

rFire   . . .      SeeInvis +   g - +5 whip
rCold   . . .      Faith    .   c - +1 buckler
rNeg    . . .      Spirit   .   (armour currently unavailable)
rPois   +          Reflect  .   (helmet currently unavailable)
rElec   .          Harm     .   (cloak currently unavailable)
rCorr   .          Rampage  .   (gloves currently unavailable)
Will    .....      NoTele   +   (boots currently unavailable)
Stlth   ++........              (no amulet)
HPRegen 0.29/turn               s - ring of see invisible
MPRegen 0.11/turn               (no ring)

@: tree-form, marked
A: stationary, stasis, torment immunity, boosted hp
a: Renounce Religion, Heroism


You were on level 7 of the Dungeon.
You worshipped Okawaru.
Okawaru was pleased with you.
You were a tree.
You visited 2 branches of the dungeon, and saw 8 of its levels.
You also visited: Sewer.

You collected 275 gold pieces.

Inventory:

Hand Weapons
 g - a +5 whip (weapon)
Armour
 c - a +1 buckler (worn)
 d - a +2 cloak (melded)
 o - a +0 helmet (melded)
 v - a +4 ring mail (melded)
Magical Staves
 u - a staff of air
Jewellery
 q - a ring of fire
 s - a ring of see invisible (left branch)
 w - a ring of magical power
Wands
 a - a wand of digging (4)
 n - a wand of iceblast (4)
 x - a wand of flame (15)
 y - a wand of acid (8)
Scrolls
 b - 2 scrolls of magic mapping
Potions
 e - 4 potions of haste
 f - 2 potions of attraction
 i - a potion of curing
 j - 4 potions of magic
 k - 2 potions of might
 l - a potion of heal wounds {unknown}
 m - a potion of cancellation {unknown}
 r - a potion of berserk rage {unknown}
 t - a potion of mutation {unknown}


   Skills:
 + Level 6.3 Fighting
 + Level 6.1(8.0) Axes
 + Level 6.6(7.4) Maces & Flails
 + Level 6.2 Armour
 + Level 3.4 Dodging
 + Level 1.1 Stealth
 + Level 5.3 Shields


You had 8 spell levels left.
You didn't know any spells.
Your spell library contained the following spells:

 Spells                   Type           Power      Damage    Failure   Level
 Corpse Rot               Necr/Air       0%         N/A       63%         2
 Portal Projectile        Hex/Tloc       0%         N/A       86%         3
 Dispel Undead            Necr           0%         3d6       99%         4
 Leda's Liquefaction      Hex/Erth       0%         N/A       99%         4
 Blade Hands              Tmut           0%         N/A       100%        5
 Excruciating Wounds      Necr           0%         N/A       100%        5
 Lee's Rapid Deconstruct  Erth           0%         3d5*      100%        5
 Statue Form              Tmut/Erth      0%         N/A       100%        6
 Death Channel            Necr           Unusable   N/A       N/A         6

Dungeon Overview and Level Annotations

Branches:
Dungeon (7/15)             Temple (1/1) D:4           Sewer (visited)

Altars:
Ashenzari
Cheibriados
Dithmenos
Elyvilon
Fedhas
Gozag
Hepliaklqana
Kikubaaqudgha
Makhleb
Nemelex Xobeh
Okawaru
Qazlal
Ru
Sif Muna
Trog
Uskayaw
Vehumet
Wu Jian
Xom
Zin
The Shining One

Annotations:
D:7 Harold


Message History

Harold is moderately wounded.
You hit Harold.
Harold is heavily wounded.
Harold hits you with a +0 morningstar!
You hit Harold but do no damage.
Harold is moderately wounded.
Harold hits you but does no damage.
You hit Harold.
Harold is heavily wounded.
Harold hits you with a +0 morningstar!
You closely miss Harold.
Harold is heavily wounded.
Harold barely misses you.
You hit Harold but do no damage.
Harold is heavily wounded.
You whack Harold!
Harold is heavily wounded.
Harold hits you with a +0 morningstar.
You hit Harold.
Harold is severely wounded.
Harold hits you with a +0 morningstar.
* * * LOW HITPOINT WARNING * * *
You hit Harold but do no damage.
Harold is severely wounded.
Harold hits you with a +0 morningstar!!
* * * LOW HITPOINT WARNING * * *
You turn into a tree.
Your +2 cloak melds into your body.
Your +0 helmet melds into your body.
Your +4 ring mail melds into your body.
Your roots penetrate the ground.
Harold hits you with a +0 morningstar.
* * * LOW HITPOINT WARNING * * *
You whack Harold!
Harold is severely wounded.
You hit Harold but do no damage.
Harold is severely wounded.
Harold gestures at you while chanting.
You barely resist. You closely miss Harold.
Harold is severely wounded.
Harold hits you with a +0 morningstar!
You die...

################
.............>.#
###.######.##..# # #.#
#.##..################## # #.#
#.##.........).........#
###.####
#.##..###############.##
.......# #....[...........># #.#
###....######...♣@..######.###.#
###.....# #.#####.# #.....#
#.....#.# #. #....# #######
#.#...#..# #. #.#### #.#...# .##
#. #.# # #...##..###. #.# #
#...<..<.... #.# #
#######.@......# # ..#..####


You could see Harold.

Vanquished Creatures
  A hornet (D:7)
  An ice beast (D:6)
  A sky beast (D:6)
  A black bear (D:7)
  A necrophage (D:6)
  2 centaurs (D:7)
  3 ogres
  A bullfrog (D:6)
  2 scorpions (D:6)
  A water moccasin skeleton (D:6)
  A centaur zombie (D:6)
  A bullfrog zombie (D:5)
  A bullfrog skeleton (D:6)
  4 hounds
  Crazy Yiuf (D:2)
  2 orc priests (D:5)
  2 centaur skeletons
  2 iguanas
  Natasha (D:4)
  An orc wizard (D:5)
  A hound zombie (D:5)
  A hound skeleton (D:5)
  Robin (D:4)
  8 adders
  A gnoll (D:1)
  A howler monkey skeleton (D:3)
  5 river rats
  3 worms
  2 dart slugs (D:1)
  8 orcs
  3 endoplasms
  5 giant cockroaches
  14 goblins
  5 hobgoblins
  2 jackals (D:4)
  19 kobolds
  A quokka (D:4)
  9 ball pythons
  3 bats
  3 frilled lizards
  19 rats
144 creatures vanquished.

Notes
Turn   | Place    | Note
-------+----------+-------------------------------------------
     0 | D:1      | terff the Hill Orc Fighter began the quest for the Orb.
     0 | D:1      | Reached XP level 1. HP: 19/19 MP: 1/1
   103 | D:1      | Found a faded altar of an unknown god.
   276 | D:1      | Reached XP level 2. HP: 21/27 MP: 2/2
   765 | D:2      | Reached XP level 3. HP: 22/34 MP: 3/3
   772 | D:2      | Reached XP level 4. HP: 21/41 MP: 4/4
  1452 | D:2      | Found a runed translucent door.
  1453 | D:2      | Noticed Crazy Yiuf
  1554 | D:2      | Killed Crazy Yiuf
  1555 | D:2      | Reached XP level 5. HP: 40/47 MP: 5/5
  1935 | D:3      | Found a glowing drain.
  1943 | D:3      | Reached skill level 5 in Axes
  1946 | Sewer    | Entered a sewer
  1987 | Sewer    | Reached skill level 1 in Dodging
  2489 | Sewer    | Reached XP level 6. HP: 48/53 MP: 6/6
  3271 | D:4      | Noticed Robin
  3384 | D:4      | Killed Robin
  3702 | D:4      | Reached skill level 5 in Fighting
  3702 | D:4      | Reached skill level 1 in Maces & Flails
  3878 | D:4      | Found a staircase to the Ecumenical Temple.
  3899 | Temple   | Entered the Ecumenical Temple
  3964 | Temple   | Became a worshipper of Warmaster Okawaru
  4627 | D:4      | Noticed Natasha
  4636 | D:4      | Killed Natasha
  4637 | D:4      | Reached XP level 7. HP: 58/61 MP: 7/7
  4738 | D:5      | Entered Level 5 of the Dungeon
  4997 | D:5      | Reached skill level 5 in Armour
  6088 | D:6      | Reached * piety under Okawaru
  6089 | D:6      | Reached XP level 8. HP: 42/68 MP: 8/8
  6813 | D:6      | Reached skill level 5 in Maces & Flails
  7040 | D:6      | Reached skill level 1 in Stealth
  7040 | D:6      | Reached skill level 5 in Shields
  7436 | D:7      | Noticed Harold
  7453 | D:7      | Noticed a hornet
  7479 | D:7      | Killed a hornet
  7479 | D:7      | Reached ** piety under Okawaru
  7480 | D:7      | Reached XP level 9. HP: 44/77 MP: 9/9
  8094 | D:7      | HP: 3/77 [Harold/+0 morningstar (19)]
  8095 | D:7      | HP: 1/115 [Harold/+0 morningstar (4)]
  8098 | D:7      | Mangled by Harold

Illustrated notes

Levels and vault maps discovered:
D:1:      heliophobic_arrival_dark_side_of_the_moon, layout_loops_ring,
          dreamdust_ecumenical_altar_statues
D:2:      layout_rooms, nicolae_concentric_dashed_squares_mild,
          uniq_crazy_yiuf_cottage
D:3:      layout_loops_ring, portal_sewer_entry_e, kennysheep_nondescript
D:4:      layout_cave_pods, minmay_temple_entry_glass, uniq_robin, uniq_natasha
D:5:      layout_basic
D:6:      layout_basic
D:7:      layout_basic, uniq_harold
Temple:   kilobyte_greek_temple

Skill      XL: |  1  2  3  4  5  6  7  8  9 |
---------------+----------------------------+-----
Fighting       | 4 5 6 |  6.3
Axes           | 3 4 5 6 |  6.1
Armour         | 4 5 6 |  6.2
Dodging        | 1 2 3 |  3.4
Shields        | 4 5 |  5.3
Maces & Flails | 2 4 6 |  6.6
Stealth        | 1 |  1.1

Action                   |  1- 3 |  4- 6 |  7- 9 || total
-------------------------+-------+-------+-------++-------
Melee: War axe           |    44 |   145 |       ||   189
       Whip              |       |    99 |   242 ||   341
  Use: Potion            |       |     1 |     2 ||     3
       Scroll            |       |     9 |     7 ||    16
Armor: Scale mail        |    21 |   137 |       ||   158
       Plate armour      |       |       |    41 ||    41
       Ring mail         |       |       |    74 ||    74
       Skin              |       |       |    95 ||    95
Dodge: Dodged            |    30 |   139 |    99 ||   268
Block: Buckler           |     9 |    78 |    95 ||   182
